Monsters vs Thunderbirds
Created - June 7, 2022 at 21:14
Goals
|
Monsters |
0 |
3 |
3 |
6 |
Thunderbirds |
1 |
1 |
0 |
2 |
|
Shots
|
Monsters |
5 |
18 |
8 |
31 |
Thunderbirds |
20 |
16 |
7 |
43 |
|
1st period
1. Thunderbirds , Tom Kuhnhackl 23 (Valentin Zykov 50, Hudson Fasching 16) at 4:06
Penalties :
Mitch Marner (Cle) for Hooking (Minor) at 4:18
2nd period
2. Thunderbirds , Hudson Fasching 14 (Griffin Reinhart 56, Mitchell Heard 17) at 8:54
3. Monsters , Christian Hanson 27 (Mitch Marner 36, Patrik Laine 5) at 10:32
4. Monsters , Patrik Laine 12 (Mitch Marner 37, Christian Hanson 64) at 14:35
5. Monsters , Mitch Marner 28 (Matt Calvert 38, Christian Hanson 65) at 15:50 (PP)
Penalties :
Christian Hanson (Cle) for Hooking (Minor) at 11:18, Michal Jordan (Spr) for High sticking (Minor) at 14:57, Kirill Kaprizov (Spr) for Hooking (Minor) at 19:54
3rd period
6. Monsters , Mitch Marner 29 (Christian Hanson 66, Aaron Ness 57) at 6:45
7. Monsters , Ryan Fitzgerald 13 (Joakim Nordstrom 11) at 16:29
8. Monsters , Mitch Marner 30 (Christian Hanson 67) at 18:08 (PP)
Penalties :
Aaron Ness (Cle) for Roughing (Minor) at 0:28, Roberts Lipsbergs (Spr) for Hooking (Minor) at 3:04, Quinton Howden (Spr) for Tripping (Minor) at 10:08, Mitchell Heard (Spr) for Tripping (Minor) at 18:06, Mitch Marner (Cle) for Diving (Minor) at 18:30
Goalie Stats
Eric Comrie (Cle), 41 saves from 43 shots - (0.953), W, 25-13-4, 60:00 minutes
Igor Bobkov (Spr), 25 saves from 31 shots - (0.806), L, 10-9-1, 60:00 minutes
Players Stats for Monsters
Player Name G A P +/- PIM S H SB GA TA FO MP PP MP PK MP
------------------------------------------------------------------------------------
Aaron Ness 0 1 1 1 2 3 2 1 0 1 0/0 26:25 3:04 2:55
Austin Watson 0 0 0 0 0 0 0 0 0 1 0/0 8:15 0:10 0:59
Bobby Farnham 0 0 0 -1 0 2 1 0 0 0 0/0 10:06 0:10 0:00
Cameron Hughes 0 0 0 0 0 0 0 0 0 0 0/0 0:20 0:00 0:20
Christian Hanson 1 4 5 3 2 4 0 0 1 1 23/41 22:28 3:09 0:54
Dillon Heatherington 0 0 0 2 0 2 2 3 0 0 0/0 21:15 2:22 2:34
Francis Perron 0 0 0 0 0 0 0 0 0 0 0/0 0:00 0:00 0:00
Jared Knight 0 0 0 0 0 0 3 1 0 2 9/17 16:38 1:57 1:28
Joakim Nordstrom 0 1 1 -1 0 2 1 1 0 0 1/2 9:48 0:00 0:00
Marc Michaelis 0 0 0 0 0 0 0 0 0 0 0/0 0:00 0:00 0:00
Matt Calvert 0 1 1 0 0 0 1 1 0 1 0/3 19:37 3:14 3:28
Matt Grzelcyk 0 0 0 2 0 1 1 2 0 0 0/0 21:15 2:22 2:34
Maxim Mamin 0 0 0 0 0 0 1 0 0 0 0/2 7:33 0:27 0:00
Mitch Marner 3 2 5 3 4 8 1 1 0 0 1/2 21:25 3:20 0:02
Morgan Rielly 0 0 0 1 0 1 0 2 1 1 0/0 27:48 3:05 3:27
Ondrej Kase 0 0 0 0 0 3 0 0 1 0 0/0 16:38 1:57 1:28
Patrik Laine 1 1 2 3 0 1 2 0 0 0 3/4 19:04 1:57 0:00
Richard Nejezchleb 0 0 0 0 0 2 1 0 1 0 0/0 6:58 0:00 0:00
Ryan Fitzgerald 1 0 1 -1 0 2 1 1 1 0 3/6 13:26 0:00 3:23
Tarmo Reunanen 0 0 0 -1 0 0 0 0 0 4 0/0 12:03 0:00 0:32
Victor Mete 0 0 0 -1 0 0 0 0 0 0 0/0 11:28 0:00 0:00
Zac Dalpe 0 0 0 0 0 0 0 0 0 0 0/0 0:00 0:00 0:00
Players Stats for Thunderbirds
Player Name G A P +/- PIM S H SB GA TA FO MP PP MP PK MP
------------------------------------------------------------------------------------
Elias Lindholm 0 0 0 0 0 1 2 0 2 0 6/14 15:30 2:38 1:28
Griffin Reinhart 0 1 1 -1 0 4 1 1 0 1 0/0 27:45 2:38 1:44
Hudson Fasching 1 1 2 1 0 4 1 0 0 0 0/0 12:37 0:00 0:33
Jake Walman 0 0 0 0 0 0 0 1 0 1 0/0 10:28 0:00 0:00
Jerry D'Amigo 0 0 0 -3 0 3 1 0 2 1 1/3 20:05 3:23 0:00
John Draeger 0 0 0 -1 0 1 2 1 1 0 0/0 21:47 3:23 3:43
Kirill Kaprizov 0 0 0 -3 2 4 2 0 1 0 0/1 21:25 3:26 1:18
Matt Puempel 0 0 0 1 0 2 3 0 0 1 0/0 12:22 0:00 0:07
Michal Jordan 0 0 0 -1 2 4 1 1 3 0 0/0 17:59 3:23 0:00
Mitchell Heard 0 1 1 1 2 1 3 0 2 0 1/4 13:44 0:08 1:19
Nicklas Jensen 0 0 0 0 0 0 0 0 0 1 1/1 7:48 0:00 0:00
Niklas Hansson 0 0 0 -1 0 1 1 1 0 0 0/0 29:05 2:38 3:43
Quinton Howden 0 0 0 -3 2 8 1 3 0 0 27/49 23:16 3:15 2:29
Roberts Lipsbergs 0 0 0 0 2 1 0 0 0 0 0/1 8:37 0:03 0:00
Tanner Laczynski 0 0 0 0 0 2 0 0 0 0 1/4 7:59 0:00 0:11
Tom Kuhnhackl 1 0 1 0 0 1 1 1 0 0 0/0 16:37 2:35 3:29
Valentin Zykov 0 1 1 0 0 4 0 0 0 0 0/0 13:04 2:35 0:00
Viktor Baldayev 0 0 0 0 0 2 2 2 0 0 0/0 12:55 0:00 1:44
3 Stars
1 - Mitch Marner (Cle)
2 - Christian Hanson (Cle)
3 - Patrik Laine (Cle)
Power Play
Monsters - 2 on 5 Attempt(s) - 40.00%
Thunderbirds - 0 on 4 Attempt(s) - 0.00%
Penalty Kill
Monsters - 4 on 4 Attempt(s) - 100.00%
- Score 0 goal in Penalty Kill
Thunderbirds - 3 on 5 Attempt(s) - 60.00%
- Score 0 goal in Penalty Kill
Team Stat
Monsters - Hits : 17 - Faceoff Wins : 40 - Blocked Shots : 13 - Penalty Minutes : 8
Thunderbirds - Hits : 21 - Faceoff Wins : 37 - Blocked Shots : 11 - Penalty Minutes : 10
Official
Referees : Gord Dwyer and Brad Meier
Linesman : James Tobias and Kyle Flemington
Game Notes
14:35 of 2nd period - Monsters goal is going for a video replay. After video review, Goal.
Mitch Marner has scored a Hat Trick!
Finance
Level 1 -- Attendance: 1824 (91.20%) -- Ticket Income $63,840
Level 2 -- Attendance: 962 (96.20%) -- Ticket Income $14,430
Total Attendance: 2786 (92.87%)
Total Ticket Income: $78,270
Other Income: $3,914
Total Income: $82,184
Monsters
5 vs 5 Forward
Center Left Wing Right Wing Time % Phy DF OF
1 Christian Hanson Patrik Laine Mitch Marner 40 1 2 2
2 Jared Knight Matt Calvert Ondrej Kase 30 1 2 2
3 Ryan Fitzgerald Joakim Nordstrom Bobby Farnham 20 1 2 2
4 Maxim Mamin Austin Watson Richard Nejezchleb 10 1 2 2
5 vs 5 Defense
Defense Defense Time % Phy DF OF
1 Morgan Rielly Aaron Ness 40 1 2 2
2 Dillon Heatherington Matt Grzelcyk 30 1 2 2
3 Victor Mete Tarmo Reunanen 20 1 2 2
4 Morgan Rielly Aaron Ness 10 1 2 2
PowerPlay Forward
Center Left Wing Right Wing Time % Phy DF OF
1 Christian Hanson Matt Calvert Mitch Marner 60 1 2 2
2 Jared Knight Patrik Laine Ondrej Kase 40 1 2 2
PowerPlay Defense
Defense Defense Time % Phy DF OF
1 Morgan Rielly Aaron Ness 60 1 2 2
2 Dillon Heatherington Matt Grzelcyk 40 1 2 2
Penalty Kill 4 Players Forward
Center Wing Time % Phy DF OF
1 Ryan Fitzgerald Matt Calvert 60 1 2 2
2 Christian Hanson Ondrej Kase 40 1 2 2
Penalty Kill 4 Players Defense
Defense Defense Time % Phy DF OF
1 Morgan Rielly Aaron Ness 60 1 2 2
2 Dillon Heatherington Matt Grzelcyk 40 1 2 2
Penalty Kill - 3 Players Forward
Forward Time % Phy DF OF
1 Christian Hanson 60 1 2 2
2 Matt Calvert 40 1 2 2
Penalty Kill - 3 Players Defense
Defense Defense Time % Phy DF OF
1 Morgan Rielly Aaron Ness 60 1 2 2
2 Dillon Heatherington Matt Grzelcyk 40 1 2 2
4 vs 4 Forward
Center Wing Time % Phy DF OF
1 Christian Hanson Mitch Marner 60 1 2 2
2 Jared Knight Ondrej Kase 40 1 2 2
4 vs 4 Defense
Defense Defense Time % Phy DF OF
1 Morgan Rielly Aaron Ness 60 1 2 2
2 Dillon Heatherington Matt Grzelcyk 40 1 2 2
Last Minutes Offensive
Center Left Wing Right Wing Defense Defense
Christian Hanson Matt Calvert Ondrej Kase Morgan Rielly Aaron Ness
Last Minutes Defensive
Center Left Wing Right Wing Defense Defense
Jared Knight Matt Calvert Ondrej Kase Morgan Rielly Aaron Ness
Goaltenders
Starting : Eric Comrie
Backup : Phoenix Copley
Extra Forwards
Normal : Mitch Marner, Matt Calvert, Ondrej Kase - PP : Maxim Mamin, Jared Knight - PK : Jared Knight
Extra Defensemen
Normal : Victor Mete, Tarmo Reunanen, Dillon Heatherington - PP : Victor Mete - PK : Tarmo Reunanen, Dillon Heatherington
Penalty Shots
Mitch Marner, Matt Calvert, Christian Hanson, Ondrej Kase, Patrik Laine
Scratches
Nathan Noel (Healthy), Peyton Jones (Healthy)
Thunderbirds
5 vs 5 Forward
Center Left Wing Right Wing Time % Phy DF OF
1 Quinton Howden Kirill Kaprizov Jerry D'Amigo 40 0 2 3
2 Elias Lindholm Valentin Zykov Tom Kuhnhackl 30 0 2 3
3 Mitchell Heard Matt Puempel Hudson Fasching 20 1 2 2
4 Tanner Laczynski Roberts Lipsbergs Nicklas Jensen 10 0 2 3
5 vs 5 Defense
Defense Defense Time % Phy DF OF
1 Griffin Reinhart Niklas Hansson 40 0 2 3
2 Michal Jordan John Draeger 30 0 2 3
3 Viktor Baldayev Jake Walman 20 1 2 2
4 Griffin Reinhart Niklas Hansson 10 0 2 3
PowerPlay Forward
Center Left Wing Right Wing Time % Phy DF OF
1 Quinton Howden Kirill Kaprizov Jerry D'Amigo 60 0 1 4
2 Elias Lindholm Valentin Zykov Tom Kuhnhackl 40 0 1 4
PowerPlay Defense
Defense Defense Time % Phy DF OF
1 Griffin Reinhart Niklas Hansson 60 0 2 3
2 Michal Jordan John Draeger 40 0 2 3
Penalty Kill 4 Players Forward
Center Wing Time % Phy DF OF
1 Quinton Howden Tom Kuhnhackl 60 1 3 1
2 Mitchell Heard Hudson Fasching 40 1 3 1
Penalty Kill 4 Players Defense
Defense Defense Time % Phy DF OF
1 Niklas Hansson John Draeger 60 1 4 0
2 Griffin Reinhart Viktor Baldayev 40 1 4 0
Penalty Kill - 3 Players Forward
Forward Time % Phy DF OF
1 Quinton Howden 60 1 3 1
2 Mitchell Heard 40 1 3 1
Penalty Kill - 3 Players Defense
Defense Defense Time % Phy DF OF
1 Niklas Hansson John Draeger 60 1 4 0
2 Griffin Reinhart Viktor Baldayev 40 1 4 0
4 vs 4 Forward
Center Wing Time % Phy DF OF
1 Quinton Howden Kirill Kaprizov 60 0 2 3
2 Elias Lindholm Valentin Zykov 40 0 2 3
4 vs 4 Defense
Defense Defense Time % Phy DF OF
1 Griffin Reinhart Niklas Hansson 60 0 2 3
2 Michal Jordan John Draeger 40 0 2 3
Last Minutes Offensive
Center Left Wing Right Wing Defense Defense
Quinton Howden Kirill Kaprizov Jerry D'Amigo Griffin Reinhart Niklas Hansson
Last Minutes Defensive
Center Left Wing Right Wing Defense Defense
Quinton Howden Kirill Kaprizov Tom Kuhnhackl Niklas Hansson John Draeger
Goaltenders
Starting : Igor Bobkov
Backup : Carter Hutton
Extra Forwards
Normal : Elias Lindholm, Kirill Kaprizov, Quinton Howden - PP : Elias Lindholm, Kirill Kaprizov - PK : Elias Lindholm
Extra Defensemen
Normal : Michal Jordan, Niklas Hansson, Griffin Reinhart - PP : Viktor Baldayev - PK : Griffin Reinhart, Niklas Hansson
Penalty Shots
Tanner Laczynski, Tom Kuhnhackl, Quinton Howden, Elias Lindholm, Kirill Kaprizov
Scratches
Austin Poganski (Healthy), Connor Honey (Healthy), Dmytro Timashov (Healthy), Keaton Thompson (Healthy), Kyle Platzer (Healthy)
Lukas Vejdemo (Healthy), Michael McCarron (Healthy), Nelson Nogier (Healthy), Nick Merkley (Healthy), Calvin Thurkauf (Healthy)
Artur Kayumov (Healthy), Niklas Treutle (Healthy), Artyom Zagidulin (Healthy)
% Time on Ice - Monsters
Lines # - Real PCT - Wanted PCT - Time Play
Normal Forward
1 - 37% - 40% - 17:29
2 - 27% - 30% - 12:52
3 - 21% - 20% - 9:48
4 - 15% - 10% - 6:58
Normal Defense
1 - 39% - 40% - 18:29
2 - 33% - 30% - 15:25
3 - 23% - 20% - 10:57
4 - 5% - 10% - 2:16
PP Forward
1 - 64% - 60% - 3:30
2 - 36% - 40% - 1:57
PP Defense
1 - 57% - 60% - 3:05
2 - 43% - 40% - 2:22
PK Forward
1 - 76% - 60% - 4:33
2 - 24% - 40% - 1:28
PK Defense
1 - 57% - 60% - 3:27
2 - 43% - 40% - 2:34
PK3 Forward
1 - 0% - 60%
2 - 0% - 40%
PK3 Defense
1 - 0% - 60%
2 - 0% - 40%
44 Forward
1 - 75% - 60% - 1:04
2 - 25% - 40% - 0:21
44 Defense
1 - 36% - 60% - 0:31
2 - 64% - 40% - 0:54
Last Minute Offensive - 0:00
Last Minute Defensive - 0:00
Total
Forward - 60:00
Defense - 60:00
|
% Time on Ice - Thunderbirds
Lines # - Real PCT - Wanted PCT - Time Play
Normal Forward
1 - 36% - 40% - 16:46
2 - 24% - 30% - 11:12
3 - 24% - 20% - 11:21
4 - 17% - 10% - 7:48
Normal Defense
1 - 41% - 40% - 19:15
2 - 31% - 30% - 14:49
3 - 22% - 20% - 10:28
4 - 5% - 10% - 2:35
PP Forward
1 - 57% - 60% - 3:26
2 - 43% - 40% - 2:35
PP Defense
1 - 44% - 60% - 2:38
2 - 56% - 40% - 3:23
PK Forward
1 - 90% - 60% - 4:54
2 - 10% - 40% - 0:33
PK Defense
1 - 68% - 60% - 3:43
2 - 32% - 40% - 1:44
PK3 Forward
1 - 0% - 60%
2 - 0% - 40%
PK3 Defense
1 - 0% - 60%
2 - 0% - 40%
44 Forward
1 - 100% - 60% - 1:25
2 - 0% - 40% - 0:00
44 Defense
1 - 64% - 60% - 0:54
2 - 36% - 40% - 0:31
Last Minute Offensive - 0:00
Last Minute Defensive - 0:00
Total
Forward - 60:00
Defense - 60:00
|
Play-by-Play
1st period
0:01 of 1st period - Christian Hanson wins face-off versus Quinton Howden in neutral zone.
0:55 of 1st period - Snap shot by Bobby Farnham.
0:55 of 1st period - Stopped by Igor Bobkov without a rebound.
0:56 of 1st period - Tanner Laczynski wins face-off versus Maxim Mamin in Thunderbirds zone.
1:03 of 1st period - Tanner Laczynski is hit by Maxim Mamin and loses puck.
1:26 of 1st period - Wrist shot by Quinton Howden.
1:26 of 1st period - Shot Misses the Net.
1:28 of 1st period - Snap shot by Viktor Baldayev.
1:28 of 1st period - Stopped by Eric Comrie with a rebound.
1:30 of 1st period - Wrist shot by Kirill Kaprizov.
1:30 of 1st period - Stopped by Eric Comrie with a rebound.
1:32 of 1st period - Snap shot by Jerry D'Amigo.
1:32 of 1st period - Stopped by Eric Comrie with a rebound.
1:34 of 1st period - Snap shot by Kirill Kaprizov.
1:34 of 1st period - Stopped by Eric Comrie with a rebound.
1:44 of 1st period - Snap shot by Matt Calvert.
1:44 of 1st period - Shot Misses the Net.
1:54 of 1st period - Wrist shot by Elias Lindholm.
1:54 of 1st period - Stopped by Eric Comrie without a rebound.
1:55 of 1st period - Joakim Nordstrom wins face-off versus Quinton Howden in Monsters zone.
2:22 of 1st period - Ondrej Kase is hit by Matt Puempel and loses puck.
2:47 of 1st period - Slapshot by Mitch Marner.
2:47 of 1st period - Deflect By Patrik Laine.
2:47 of 1st period - Shot Misses the Net.
2:47 of 1st period - Puck is out of play.
2:48 of 1st period - Elias Lindholm wins face-off versus Christian Hanson in Thunderbirds zone.
2:55 of 1st period - Snap shot by Griffin Reinhart.
2:55 of 1st period - Shot Blocked by Morgan Rielly.
3:12 of 1st period - Icing by Elias Lindholm.
3:13 of 1st period - Ryan Fitzgerald wins face-off versus Quinton Howden in Thunderbirds zone.
4:04 of 1st period - Slapshot by Valentin Zykov.
4:04 of 1st period - Shot Misses the Net.
4:06 of 1st period - Snap shot by Tom Kuhnhackl.
4:06 of 1st period - Goal by Tom Kuhnhackl - Monsters : 0 - Thunderbirds : 1.
4:07 of 1st period - Quinton Howden wins face-off versus Christian Hanson in neutral zone.
4:11 of 1st period - Off-side.
4:12 of 1st period - Quinton Howden wins face-off versus Christian Hanson in neutral zone.
4:18 of 1st period - Minor Penalty to Mitch Marner for Hooking.
4:19 of 1st period - Ryan Fitzgerald wins face-off versus Quinton Howden in Monsters zone.
4:54 of 1st period - Aaron Ness is hit by Michal Jordan.
6:18 of 1st period - Penalty to Mitch Marner is over, Mitch Marner is back on ice.
6:45 of 1st period - Christian Hanson is hit by Matt Puempel and loses puck.
7:28 of 1st period - Hudson Fasching is hit by Dillon Heatherington and loses puck.
7:33 of 1st period - Wrist shot by Aaron Ness.
7:33 of 1st period - Stopped by Igor Bobkov without a rebound.
7:34 of 1st period - Jared Knight wins face-off versus Roberts Lipsbergs in Thunderbirds zone.
7:59 of 1st period - Morgan Rielly is hit by Jerry D'Amigo and loses puck.
8:08 of 1st period - Slapshot by Aaron Ness.
8:08 of 1st period - Shot Misses the Net.
8:47 of 1st period - Snap shot by Joakim Nordstrom.
8:47 of 1st period - Shot Misses the Net.
8:59 of 1st period - Ondrej Kase is hit by Viktor Baldayev and loses puck.
9:10 of 1st period - Slapshot by Griffin Reinhart.
9:10 of 1st period - Shot Blocked by Matt Calvert.
9:24 of 1st period - Christian Hanson is hit by Kirill Kaprizov and loses puck.
9:41 of 1st period - Quinton Howden is hit by Matt Grzelcyk and loses puck.
10:02 of 1st period - Matt Grzelcyk is hit by Quinton Howden and loses puck.
10:09 of 1st period - Slapshot by Griffin Reinhart.
10:09 of 1st period - Stopped by Eric Comrie with a rebound.
10:11 of 1st period - Wrist shot by Jerry D'Amigo.
10:11 of 1st period - Stopped by Eric Comrie with a rebound.
10:13 of 1st period - Snap shot by Quinton Howden.
10:13 of 1st period - Shot Blocked by Dillon Heatherington.
10:15 of 1st period - Slapshot by Griffin Reinhart.
10:15 of 1st period - Shot Blocked by Dillon Heatherington.
10:17 of 1st period - Wrist shot by Quinton Howden.
10:17 of 1st period - Stopped by Eric Comrie without a rebound.
10:18 of 1st period - Christian Hanson wins face-off versus Elias Lindholm in Monsters zone.
10:23 of 1st period - John Draeger is hit by Patrik Laine and loses puck.
11:00 of 1st period - Slapshot by Hudson Fasching.
11:00 of 1st period - Stopped by Eric Comrie with a rebound.
11:12 of 1st period - Wrist shot by Tanner Laczynski.
11:12 of 1st period - Shot Misses the Net.
11:18 of 1st period - Jake Walman is hit by Joakim Nordstrom and loses puck.
12:18 of 1st period - Icing by Matt Calvert.
12:19 of 1st period - Elias Lindholm wins face-off versus Matt Calvert in Monsters zone.
12:34 of 1st period - Snap shot by Ondrej Kase.
12:34 of 1st period - Stopped by Igor Bobkov without a rebound.
12:35 of 1st period - Quinton Howden wins face-off versus Christian Hanson in Thunderbirds zone.
12:47 of 1st period - Off-side.
12:48 of 1st period - Quinton Howden wins face-off versus Christian Hanson in neutral zone.
12:50 of 1st period - Off-side.
12:51 of 1st period - Quinton Howden wins face-off versus Christian Hanson in neutral zone.
13:20 of 1st period - Matt Calvert is hit by Elias Lindholm and loses puck.
13:37 of 1st period - Aaron Ness is hit by John Draeger and loses puck.
14:45 of 1st period - Snap shot by Michal Jordan.
14:45 of 1st period - Deflect By Roberts Lipsbergs.
14:45 of 1st period - Stopped by Eric Comrie without a rebound.
14:46 of 1st period - Nicklas Jensen wins face-off versus Maxim Mamin in Monsters zone.
15:12 of 1st period - Snap shot by Richard Nejezchleb.
15:12 of 1st period - Shot Misses the Net.
15:14 of 1st period - Slapshot by Maxim Mamin.
15:14 of 1st period - Shot Misses the Net.
15:16 of 1st period - Slapshot by Dillon Heatherington.
15:16 of 1st period - Stopped by Igor Bobkov with a rebound.
15:22 of 1st period - Wrist shot by Maxim Mamin.
15:22 of 1st period - Shot Misses the Net.
15:24 of 1st period - Slapshot by Dillon Heatherington.
15:24 of 1st period - Deflect By Niklas Hansson.
15:24 of 1st period - Stopped by Igor Bobkov without a rebound.
15:25 of 1st period - Quinton Howden wins face-off versus Patrik Laine in Thunderbirds zone.
15:30 of 1st period - Snap shot by Kirill Kaprizov.
15:30 of 1st period - Stopped by Eric Comrie with a rebound.
15:32 of 1st period - Wrist shot by Viktor Baldayev.
15:32 of 1st period - Stopped by Eric Comrie with a rebound.
15:38 of 1st period - Slapshot by Quinton Howden.
15:38 of 1st period - Shot Misses the Net.
15:40 of 1st period - Snap shot by Viktor Baldayev.
15:40 of 1st period - Shot Blocked by Aaron Ness.
15:56 of 1st period - Wrist shot by Valentin Zykov.
15:56 of 1st period - Stopped by Eric Comrie with a rebound.
16:02 of 1st period - Ondrej Kase is hit by Tom Kuhnhackl and loses puck.
17:07 of 1st period - Snap shot by Tanner Laczynski.
17:07 of 1st period - Stopped by Eric Comrie with a rebound.
17:21 of 1st period - Snap shot by Matt Puempel.
17:21 of 1st period - Stopped by Eric Comrie with a rebound.
17:23 of 1st period - Slapshot by Michal Jordan.
17:23 of 1st period - Stopped by Eric Comrie without a rebound.
17:24 of 1st period - Jared Knight wins face-off versus Mitchell Heard in Monsters zone.
18:40 of 1st period - Wrist shot by Mitchell Heard.
18:40 of 1st period - Deflect By Jared Knight.
18:40 of 1st period - Stopped by Eric Comrie with a rebound.
18:50 of 1st period - Snap shot by Hudson Fasching.
18:50 of 1st period - Shot Misses the Net.
18:58 of 1st period - Slapshot by Mitchell Heard.
18:58 of 1st period - Shot Misses the Net.
19:00 of 1st period - Slapshot by Michal Jordan.
19:00 of 1st period - Stopped by Eric Comrie with a rebound.
19:02 of 1st period - Snap shot by Mitchell Heard.
19:02 of 1st period - Shot Blocked by Jared Knight.
19:04 of 1st period - Slapshot by John Draeger.
19:04 of 1st period - Shot Blocked by Matt Grzelcyk.
19:06 of 1st period - Snap shot by Michal Jordan.
19:06 of 1st period - Shot Misses the Net.
19:18 of 1st period - Wrist shot by Matt Puempel.
19:18 of 1st period - Shot Misses the Net.
19:20 of 1st period - Snap shot by Mitchell Heard.
19:20 of 1st period - Deflect By Ondrej Kase.
19:20 of 1st period - Shot Misses the Net.
19:20 of 1st period - Puck is out of play.
19:21 of 1st period - Patrik Laine wins face-off versus Quinton Howden in Monsters zone.
19:28 of 1st period - Snap shot by Quinton Howden.
19:28 of 1st period - Shot Misses the Net.
19:30 of 1st period - Snap shot by Jerry D'Amigo.
19:30 of 1st period - Shot Misses the Net.
19:32 of 1st period - Slapshot by Griffin Reinhart.
19:32 of 1st period - Stopped by Eric Comrie without a rebound.
19:33 of 1st period - Christian Hanson wins face-off versus Quinton Howden in Monsters zone.
Goals for this period are 0 for Monsters vs 1 for Thunderbirds.
Shots for this period are 5 for Monsters vs 20 for Thunderbirds.
2nd period
0:01 of 2nd period - Quinton Howden wins face-off versus Christian Hanson in neutral zone.
0:12 of 2nd period - Slapshot by Griffin Reinhart.
0:12 of 2nd period - Shot Blocked by Morgan Rielly.
0:14 of 2nd period - Snap shot by Jerry D'Amigo.
0:14 of 2nd period - Stopped by Eric Comrie without a rebound.
0:15 of 2nd period - Elias Lindholm wins face-off versus Christian Hanson in Monsters zone.
0:53 of 2nd period - Backhand shot by Quinton Howden.
0:53 of 2nd period - Stopped by Eric Comrie with a rebound.
1:03 of 2nd period - Snap shot by Tanner Laczynski.
1:03 of 2nd period - Shot Blocked by Ryan Fitzgerald.
1:25 of 2nd period - Wrist shot by Ryan Fitzgerald.
1:25 of 2nd period - Stopped by Igor Bobkov without a rebound.
1:26 of 2nd period - Christian Hanson wins face-off versus Mitchell Heard in Thunderbirds zone.
1:29 of 2nd period - Snap shot by Christian Hanson.
1:29 of 2nd period - Stopped by Igor Bobkov without a rebound.
1:30 of 2nd period - Christian Hanson wins face-off versus Jerry D'Amigo in Thunderbirds zone.
1:33 of 2nd period - Snap shot by Christian Hanson.
1:33 of 2nd period - Shot Misses the Net.
1:36 of 2nd period - Icing by Michal Jordan.
1:37 of 2nd period - Christian Hanson wins face-off versus Quinton Howden in Thunderbirds zone.
1:42 of 2nd period - Wrist shot by Mitch Marner.
1:42 of 2nd period - Stopped by Igor Bobkov without a rebound.
1:43 of 2nd period - Christian Hanson wins face-off versus Jerry D'Amigo in Thunderbirds zone.
1:50 of 2nd period - Wrist shot by Mitch Marner.
1:50 of 2nd period - Stopped by Igor Bobkov without a rebound.
1:51 of 2nd period - Christian Hanson wins face-off versus Quinton Howden in Thunderbirds zone.
1:52 of 2nd period - Wrist shot by Mitch Marner.
1:52 of 2nd period - Stopped by Igor Bobkov without a rebound.
1:53 of 2nd period - Mitch Marner wins face-off versus Quinton Howden in Thunderbirds zone.
2:10 of 2nd period - Snap shot by Kirill Kaprizov.
2:10 of 2nd period - Stopped by Eric Comrie without a rebound.
2:11 of 2nd period - Elias Lindholm wins face-off versus Jared Knight in Monsters zone.
2:12 of 2nd period - Wrist shot by Valentin Zykov.
2:12 of 2nd period - Stopped by Eric Comrie without a rebound.
2:13 of 2nd period - Jared Knight wins face-off versus Elias Lindholm in Monsters zone.
2:15 of 2nd period - Icing by Morgan Rielly.
2:16 of 2nd period - Elias Lindholm wins face-off versus Jared Knight in Monsters zone.
3:25 of 2nd period - Slapshot by Ondrej Kase.
3:25 of 2nd period - Shot Misses the Net.
3:53 of 2nd period - Slapshot by Valentin Zykov.
3:53 of 2nd period - Stopped by Eric Comrie with a rebound.
4:25 of 2nd period - Joakim Nordstrom is hit by Mitchell Heard and loses puck.
4:32 of 2nd period - Snap shot by Matt Puempel.
4:32 of 2nd period - Shot Blocked by Matt Grzelcyk.
4:56 of 2nd period - Slapshot by Joakim Nordstrom.
4:56 of 2nd period - Stopped by Igor Bobkov without a rebound.
4:57 of 2nd period - Christian Hanson wins face-off versus Quinton Howden in Thunderbirds zone.
5:04 of 2nd period - Snap shot by Mitch Marner.
5:04 of 2nd period - Shot Blocked by Quinton Howden.
5:21 of 2nd period - Icing by Quinton Howden.
5:22 of 2nd period - Quinton Howden wins face-off versus Jared Knight in Thunderbirds zone.
5:49 of 2nd period - Slapshot by Christian Hanson.
5:49 of 2nd period - Stopped by Igor Bobkov without a rebound.
5:50 of 2nd period - Christian Hanson wins face-off versus Mitchell Heard in Thunderbirds zone.
6:14 of 2nd period - Aaron Ness is hit by Viktor Baldayev.
6:18 of 2nd period - Snap shot by Quinton Howden.
6:18 of 2nd period - Stopped by Eric Comrie without a rebound.
6:19 of 2nd period - Quinton Howden wins face-off versus Jared Knight in Monsters zone.
7:31 of 2nd period - Slapshot by Maxim Mamin.
7:31 of 2nd period - Shot Blocked by Viktor Baldayev.
7:35 of 2nd period - Snap shot by Richard Nejezchleb.
7:35 of 2nd period - Stopped by Igor Bobkov without a rebound.
7:36 of 2nd period - Quinton Howden wins face-off versus Jared Knight in Thunderbirds zone.
7:51 of 2nd period - Wrist shot by Ondrej Kase.
7:51 of 2nd period - Stopped by Igor Bobkov with a rebound.
8:01 of 2nd period - Mitch Marner is hit by John Draeger and loses puck.
8:52 of 2nd period - Slapshot by Griffin Reinhart.
8:52 of 2nd period - Stopped by Eric Comrie with a rebound.
8:54 of 2nd period - Wrist shot by Hudson Fasching.
8:54 of 2nd period - Goal by Hudson Fasching - Monsters : 0 - Thunderbirds : 2.
8:55 of 2nd period - Jared Knight wins face-off versus Quinton Howden in neutral zone.
9:01 of 2nd period - Icing by Jerry D'Amigo.
9:02 of 2nd period - Quinton Howden wins face-off versus Jared Knight in Thunderbirds zone.
9:12 of 2nd period - Icing by Ondrej Kase.
9:13 of 2nd period - Jared Knight wins face-off versus Kirill Kaprizov in Monsters zone.
9:20 of 2nd period - Snap shot by Ondrej Kase.
9:20 of 2nd period - Deflect By Griffin Reinhart.
9:20 of 2nd period - Shot Misses the Net.
9:20 of 2nd period - Puck is out of play.
9:21 of 2nd period - Quinton Howden wins face-off versus Mitch Marner in Thunderbirds zone.
9:50 of 2nd period - Jared Knight is hit by Elias Lindholm and loses puck.
10:15 of 2nd period - Snap shot by Joakim Nordstrom.
10:15 of 2nd period - Stopped by Igor Bobkov without a rebound.
10:16 of 2nd period - Quinton Howden wins face-off versus Christian Hanson in Thunderbirds zone.
10:21 of 2nd period - John Draeger is hit by Patrik Laine and loses puck.
10:30 of 2nd period - Wrist shot by Mitch Marner.
10:30 of 2nd period - Shot Blocked by Michal Jordan.
10:32 of 2nd period - Wrist shot by Christian Hanson.
10:32 of 2nd period - Goal by Christian Hanson - Monsters : 1 - Thunderbirds : 2.
10:33 of 2nd period - Christian Hanson wins face-off versus Elias Lindholm in neutral zone.
10:38 of 2nd period - Aaron Ness is hit by Griffin Reinhart and loses puck.
10:43 of 2nd period - Snap shot by Valentin Zykov.
10:43 of 2nd period - Stopped by Eric Comrie with a rebound.
10:59 of 2nd period - Christian Hanson is hit by Hudson Fasching and loses puck.
11:08 of 2nd period - Slapshot by Griffin Reinhart.
11:08 of 2nd period - Stopped by Eric Comrie with a rebound.
11:12 of 2nd period - Slapshot by Matt Puempel.
11:12 of 2nd period - Shot Misses the Net.
11:18 of 2nd period - Minor Penalty to Christian Hanson for Hooking.
11:19 of 2nd period - Quinton Howden wins face-off versus Ryan Fitzgerald in Monsters zone.
11:24 of 2nd period - Slapshot by Kirill Kaprizov.
11:24 of 2nd period - Deflect By Quinton Howden.
11:24 of 2nd period - Stopped by Eric Comrie without a rebound.
11:25 of 2nd period - Quinton Howden wins face-off versus Matt Calvert in Monsters zone.
11:28 of 2nd period - Wrist shot by Quinton Howden.
11:28 of 2nd period - Stopped by Eric Comrie with a rebound.
13:18 of 2nd period - Penalty to Christian Hanson is over, Christian Hanson is back on ice.
13:22 of 2nd period - Morgan Rielly is hit by Mitchell Heard.
13:31 of 2nd period - Icing by Jared Knight.
13:32 of 2nd period - Jared Knight wins face-off versus Tanner Laczynski in Monsters zone.
13:37 of 2nd period - Slapshot by Morgan Rielly.
13:37 of 2nd period - Deflect By Ondrej Kase.
13:37 of 2nd period - Stopped by Igor Bobkov without a rebound.
13:38 of 2nd period - Patrik Laine wins face-off versus Tanner Laczynski in Thunderbirds zone.
13:39 of 2nd period - Wrist shot by Mitch Marner.
13:39 of 2nd period - Stopped by Igor Bobkov with a rebound.
13:43 of 2nd period - Wrist shot by Patrik Laine.
13:43 of 2nd period - Shot Misses the Net.
13:45 of 2nd period - Slapshot by Matt Grzelcyk.
13:45 of 2nd period - Stopped by Igor Bobkov without a rebound.
13:46 of 2nd period - Quinton Howden wins face-off versus Christian Hanson in Thunderbirds zone.
14:33 of 2nd period - Wrist shot by Mitch Marner.
14:33 of 2nd period - Shot Blocked by Griffin Reinhart.
14:35 of 2nd period - Slapshot by Patrik Laine.
14:35 of 2nd period - Monsters goal is going for a video replay.
14:35 of 2nd period - The goal is good.
14:35 of 2nd period - Goal by Patrik Laine - Monsters : 2 - Thunderbirds : 2.
14:36 of 2nd period - Jared Knight wins face-off versus Quinton Howden in neutral zone.
14:49 of 2nd period - Snap shot by Matt Calvert.
14:49 of 2nd period - Shot Blocked by Quinton Howden.
14:51 of 2nd period - Snap shot by Ondrej Kase.
14:51 of 2nd period - Shot Blocked by Quinton Howden.
14:57 of 2nd period - Minor Penalty to Michal Jordan for High sticking.
14:58 of 2nd period - Quinton Howden wins face-off versus Christian Hanson in Thunderbirds zone.
15:04 of 2nd period - Icing by Mitch Marner.
15:05 of 2nd period - Quinton Howden wins face-off versus Christian Hanson in Monsters zone.
15:06 of 2nd period - Slapshot by Tom Kuhnhackl.
15:06 of 2nd period - Shot Hit the Post.
15:36 of 2nd period - Tom Kuhnhackl is hit by Aaron Ness and loses puck.
15:50 of 2nd period - Slapshot by Mitch Marner.
15:50 of 2nd period - Goal by Mitch Marner - Monsters : 3 - Thunderbirds : 2.
15:51 of 2nd period - Mitchell Heard wins face-off versus Joakim Nordstrom in neutral zone.
15:54 of 2nd period - Snap shot by Matt Puempel.
15:54 of 2nd period - Stopped by Eric Comrie with a rebound.
16:11 of 2nd period - Matt Grzelcyk is hit by Matt Puempel and loses puck.
16:48 of 2nd period - Slapshot by Aaron Ness.
16:48 of 2nd period - Stopped by Igor Bobkov with a rebound.
16:54 of 2nd period - Snap shot by Austin Watson.
16:54 of 2nd period - Deflect By Richard Nejezchleb.
16:54 of 2nd period - Shot Blocked by Tom Kuhnhackl.
16:54 of 2nd period - Puck is out of play.
16:55 of 2nd period - Christian Hanson wins face-off versus Elias Lindholm in Thunderbirds zone.
17:00 of 2nd period - Slapshot by Christian Hanson.
17:00 of 2nd period - Shot Misses the Net.
18:10 of 2nd period - Snap shot by Tanner Laczynski.
18:10 of 2nd period - Stopped by Eric Comrie without a rebound.
18:11 of 2nd period - Quinton Howden wins face-off versus Christian Hanson in Monsters zone.
18:12 of 2nd period - Wrist shot by Jerry D'Amigo.
18:12 of 2nd period - Shot Blocked by Dillon Heatherington.
19:08 of 2nd period - Snap shot by Hudson Fasching.
19:08 of 2nd period - Stopped by Eric Comrie with a rebound.
19:45 of 2nd period - Slapshot by Quinton Howden.
19:45 of 2nd period - Stopped by Eric Comrie without a rebound.
19:46 of 2nd period - Quinton Howden wins face-off versus Christian Hanson in Monsters zone.
19:54 of 2nd period - Minor Penalty to Kirill Kaprizov for Hooking.
19:55 of 2nd period - Christian Hanson wins face-off versus Quinton Howden in Thunderbirds zone.
19:55 of 2nd period - Snap shot by Mitch Marner.
19:55 of 2nd period - Shot Misses the Net.
19:57 of 2nd period - Slapshot by Morgan Rielly.
19:57 of 2nd period - Shot Misses the Net.
19:59 of 2nd period - Backhand shot by Mitch Marner.
19:59 of 2nd period - Stopped by Igor Bobkov without a rebound.
Goals for this period are 3 for Monsters vs 1 for Thunderbirds.
Shots for this period are 18 for Monsters vs 16 for Thunderbirds.
3rd period
0:01 of 3rd period - Christian Hanson wins face-off versus Quinton Howden in neutral zone.
0:28 of 3rd period - Minor Penalty to Aaron Ness for Roughing.
0:29 of 3rd period - Quinton Howden wins face-off versus Christian Hanson in Monsters zone.
1:14 of 3rd period - Wrist shot by Jared Knight.
1:14 of 3rd period - Shot Blocked by John Draeger.
1:25 of 3rd period - Matt Puempel is hit by Jared Knight.
1:34 of 3rd period - Icing by Christian Hanson.
1:35 of 3rd period - Christian Hanson wins face-off versus Elias Lindholm in Monsters zone.
1:54 of 3rd period - Penalty to Kirill Kaprizov is over, Kirill Kaprizov is back on ice.
2:28 of 3rd period - Penalty to Aaron Ness is over, Aaron Ness is back on ice.
3:04 of 3rd period - Minor Penalty to Roberts Lipsbergs for Hooking.
3:05 of 3rd period - Quinton Howden wins face-off versus Jared Knight in Thunderbirds zone.
4:07 of 3rd period - Niklas Hansson is hit by Matt Calvert and loses puck.
4:18 of 3rd period - Quinton Howden is hit by Mitch Marner and loses puck.
4:25 of 3rd period - Mitch Marner is hit by Niklas Hansson and loses puck.
5:04 of 3rd period - Penalty to Roberts Lipsbergs is over, Roberts Lipsbergs is back on ice.
5:46 of 3rd period - Snap shot by Hudson Fasching.
5:46 of 3rd period - Stopped by Eric Comrie without a rebound.
5:47 of 3rd period - Christian Hanson wins face-off versus Quinton Howden in Monsters zone.
5:47 of 3rd period - Christian Hanson is hit by Kirill Kaprizov.
5:56 of 3rd period - Icing by Michal Jordan.
5:57 of 3rd period - Quinton Howden wins face-off versus Jared Knight in Thunderbirds zone.
6:05 of 3rd period - Off-side.
6:06 of 3rd period - Jared Knight wins face-off versus Quinton Howden in neutral zone.
6:13 of 3rd period - Slapshot by Michal Jordan.
6:13 of 3rd period - Stopped by Eric Comrie without a rebound.
6:14 of 3rd period - Quinton Howden wins face-off versus Christian Hanson in Monsters zone.
6:21 of 3rd period - Wrist shot by Quinton Howden.
6:21 of 3rd period - Shot Blocked by Mitch Marner.
6:23 of 3rd period - Slapshot by Michal Jordan.
6:23 of 3rd period - Stopped by Eric Comrie without a rebound.
6:24 of 3rd period - Christian Hanson wins face-off versus Quinton Howden in Monsters zone.
6:45 of 3rd period - Wrist shot by Mitch Marner.
6:45 of 3rd period - Goal by Mitch Marner - Monsters : 4 - Thunderbirds : 2.
6:46 of 3rd period - Christian Hanson wins face-off versus Quinton Howden in neutral zone.
8:12 of 3rd period - Niklas Hansson is hit by Dillon Heatherington and loses puck.
9:01 of 3rd period - Snap shot by Mitchell Heard.
9:01 of 3rd period - Shot Blocked by Joakim Nordstrom.
9:39 of 3rd period - Snap shot by Austin Watson.
9:39 of 3rd period - Shot Blocked by Viktor Baldayev.
10:01 of 3rd period - Wrist shot by Ondrej Kase.
10:01 of 3rd period - Shot Blocked by Jake Walman.
10:03 of 3rd period - Slapshot by Aaron Ness.
10:03 of 3rd period - Stopped by Igor Bobkov without a rebound.
10:04 of 3rd period - Patrik Laine wins face-off versus Quinton Howden in Thunderbirds zone.
10:08 of 3rd period - Minor Penalty to Quinton Howden for Tripping.
10:09 of 3rd period - Christian Hanson wins face-off versus Elias Lindholm in Thunderbirds zone.
10:23 of 3rd period - Elias Lindholm is hit by Aaron Ness and loses puck.
12:08 of 3rd period - Penalty to Quinton Howden is over, Quinton Howden is back on ice.
12:19 of 3rd period - Icing by Bobby Farnham.
12:20 of 3rd period - Ryan Fitzgerald wins face-off versus Tanner Laczynski in Monsters zone.
13:44 of 3rd period - Off-side.
13:45 of 3rd period - Jared Knight wins face-off versus Quinton Howden in neutral zone.
14:40 of 3rd period - Slapshot by John Draeger.
14:40 of 3rd period - Stopped by Eric Comrie with a rebound.
15:00 of 3rd period - Snap shot by Quinton Howden.
15:00 of 3rd period - Stopped by Eric Comrie without a rebound.
15:01 of 3rd period - Elias Lindholm wins face-off versus Ryan Fitzgerald in Monsters zone.
15:59 of 3rd period - Ondrej Kase is hit by Mitchell Heard and loses puck.
16:12 of 3rd period - Viktor Baldayev is hit by Richard Nejezchleb and loses puck.
16:22 of 3rd period - Snap shot by Richard Nejezchleb.
16:22 of 3rd period - Stopped by Igor Bobkov without a rebound.
16:23 of 3rd period - Quinton Howden wins face-off versus Ryan Fitzgerald in Thunderbirds zone.
16:23 of 3rd period - Quinton Howden is hit by Bobby Farnham.
16:29 of 3rd period - Slapshot by Joakim Nordstrom.
16:29 of 3rd period - Deflect By Ryan Fitzgerald.
16:29 of 3rd period - Goal by Ryan Fitzgerald - Monsters : 5 - Thunderbirds : 2.
16:30 of 3rd period - Jerry D'Amigo wins face-off versus Christian Hanson in neutral zone.
16:42 of 3rd period - Icing by Niklas Hansson.
16:43 of 3rd period - Christian Hanson wins face-off versus Quinton Howden in Thunderbirds zone.
16:52 of 3rd period - Wrist shot by Christian Hanson.
16:52 of 3rd period - Shot Misses the Net.
16:54 of 3rd period - Wrist shot by Christian Hanson.
16:54 of 3rd period - Shot Misses the Net.
16:56 of 3rd period - Wrist shot by Patrik Laine.
16:56 of 3rd period - Shot Blocked by Niklas Hansson.
16:58 of 3rd period - Slapshot by Morgan Rielly.
16:58 of 3rd period - Stopped by Igor Bobkov with a rebound.
17:08 of 3rd period - Quinton Howden is hit by Ryan Fitzgerald and loses puck.
17:15 of 3rd period - Wrist shot by Bobby Farnham.
17:15 of 3rd period - Stopped by Igor Bobkov without a rebound.
17:16 of 3rd period - Christian Hanson wins face-off versus Elias Lindholm in Thunderbirds zone.
17:21 of 3rd period - Slapshot by Christian Hanson.
17:21 of 3rd period - Stopped by Igor Bobkov without a rebound.
17:22 of 3rd period - Christian Hanson wins face-off versus Elias Lindholm in Thunderbirds zone.
17:47 of 3rd period - Kirill Kaprizov is hit by Jared Knight and loses puck.
18:06 of 3rd period - Minor Penalty to Mitchell Heard for Tripping.
18:07 of 3rd period - Christian Hanson wins face-off versus Quinton Howden in Thunderbirds zone.
18:08 of 3rd period - Wrist shot by Mitch Marner.
18:08 of 3rd period - Goal by Mitch Marner - Monsters : 6 - Thunderbirds : 2.
18:09 of 3rd period - Quinton Howden wins face-off versus Christian Hanson in neutral zone.
18:14 of 3rd period - Snap shot by Jerry D'Amigo.
18:14 of 3rd period - Shot Misses the Net.
18:16 of 3rd period - Backhand shot by Niklas Hansson.
18:16 of 3rd period - Stopped by Eric Comrie with a rebound.
18:18 of 3rd period - Slapshot by Griffin Reinhart.
18:18 of 3rd period - Deflect By Quinton Howden.
18:18 of 3rd period - Stopped by Eric Comrie with a rebound.
18:30 of 3rd period - Minor Penalty to Mitch Marner for Diving.
18:31 of 3rd period - Quinton Howden wins face-off versus Matt Calvert in Monsters zone.
19:29 of 3rd period - Jerry D'Amigo is hit by Jared Knight and loses puck.
Goals for this period are 3 for Monsters vs 0 for Thunderbirds.
Shots for this period are 8 for Monsters vs 7 for Thunderbirds.